 Dungeon Crawl Stone Soup version 0.21.1-1-g345015f (webtiles) character file.

42 Inarius the Chiller (level 3, -1/21 HPs)
             Began as an Octopode Ice Elementalist on July 10, 2018.
             Slain by a hobgoblin
             ... wielding a +0 club
             ... led by Robin
              (5 damage)
             ... on level 1 of the Dungeon.
             The game lasted 00:03:13 (1774 turns).

Inarius the Chiller (Octopode Ice Elementalist)     Turns: 1774, Time: 00:03:13

Health: -1/21      AC:  1    Str:  7    XL:     3   Next: 56%
Magic:  3/6        EV: 13    Int: 18    God:
Gold:   35         SH:  0    Dex: 12    Spells: 2/6 levels left

rFire    . . .     SeeInvis .   h - +0 hand axe (chop)
rCold    . . .     Gourm    .   (no shield)
rNeg     . . .     Faith    .   (helmet restricted)
rPois    .         Spirit   .   (no amulet)
rElec    .         Reflect  .   (no ring)
rCorr    .         Harm     .   (no ring)
MR       .....                  (no ring)
Stlth    +++.......             (no ring)
HPRegen  0.07/turn              (no ring)
MPRegen  0.10/turn              (no ring)
                                (no ring)
                                (no ring)

@: no status effects
A: almost no armour, stealthy swim, amphibious, 8 rings, constrict 8, camouflage
1, gelatinous body 1
a: no special abilities


You were on level 1 of the Dungeon.
You were not hungry.

You visited 1 branch of the dungeon, and saw 2 of its levels.

You collected 35 gold pieces.

Inventory:

Hand Weapons
 h - a +0 hand axe of chopping (weapon)
Scrolls
 e - a scroll of random uselessness {unknown}
 f - 2 scrolls of blinking {unknown}
 g - a scroll of teleportation {unknown}
 j - a scroll of immolation {unknown}
Potions
 c - a potion of heal wounds {unknown}
 d - a potion of ambrosia {unknown}
Books
 a - a book of Frost

   Spells                             Type                      Level
   a - Freeze                         Ice                          1
   b - Throw Frost                    Conjuration/Ice              2
   c - Ozocubu's Armour               Charms/Ice                   3
   d - Throw Icicle                   Conjuration/Ice              4
   e - Summon Ice Beast               Ice/Summoning                4
Comestibles
 b - 2 rations
 i - 3 chunks of flesh


   Skills:
 + Level 0.1 Axes
 + Level 2.1 Dodging
 - Level 2.6 Stealth
 + Level 0.4 Unarmed Combat
 + Level 2.4 Spellcasting
   Level 1.0 Conjurations
 * Level 4.0 Ice Magic


You had 2 spell levels left.
You knew the following spells:

 Your Spells              Type           Power        Failure   Level  Hunger
a - Freeze                Ice            ###.         3%          1    #......
b - Ozocubu's Armour      Chrm/Ice       #.......     22%         3    ###....


Dungeon Overview and Level Annotations

Branches:
Dungeon (2/15)

Altars:

Annotations:
D:2 Robin


Innate Abilities, Weirdness & Mutations

You cannot wear most types of armour.
You are very stealthy in the water. (Stealth+)
You are amphibious.
You can wear up to eight rings at the same time.
You can use your tentacles to constrict eight enemies at once.
Your skin changes colour to match your surroundings (Stealth+).
Your rubbery body absorbs attacks. (AC +1, EV +1)


Message History

There is a stone staircase leading down, spattered with blood here.
Casting: Freeze
Confirm with . or Enter, or press ? or * to list all spells.
Aiming: Freeze
Press: ? - help, Shift-Dir - straight line, f - hobgoblin
Aim: a hobgoblin, wielding a club (unusually strong)
You freeze the hobgoblin.
The hobgoblin is severely wounded.
The goblin completely misses you. The hobgoblin hits you with a club!
Casting: Freeze
Confirm with . or Enter, or press ? or * to list all spells.
Aiming: Freeze
Press: ? - help, Shift-Dir - straight line, f/p - hobgoblin
Aim: a hobgoblin, wielding a club (severely wounded, unusually strong)
You freeze the hobgoblin.
The hobgoblin is almost dead.
The goblin hits you with a club.
* * * LOW HITPOINT WARNING * * *
The hobgoblin hits you with a club.
You die...

.#.#..........##......#########
.#.###.######..#.####.# .#.# #.#
##.#.# #.# .#.#
#.#######.#.####.# ...#
#..............#.######
######..#######..##.#.#....######
).......# #..##.#.#.........#
#######.#######g.##.#.#..#.####.#
...............g@##.#.#..#.# #.#
#######.###########...#..#.# #.#
# #.................#..#.# #.# #
#.#.######...........#.####.# #
#.#.....##.######.##.#......# #
#.#.#....#.# #....######## #
#.#.######.# ###### #
#.#........# #####.##########


You could see a hobgoblin and a goblin.

Vanquished Creatures
  2 oozes (D:1)
  3 leopard geckos
  3 bats (D:1)
  4 hobgoblins (D:1)
  4 jackals (D:1)
  2 frilled lizards (D:1)
  7 goblins
  4 rats (D:1)
29 creatures vanquished.

Notes
Turn   | Place    | Note
-------+----------+-------------------------------------------
     0 | D:1      | Inarius the Octopode Ice Elementalist began the quest for the Orb.
     0 | D:1      | Reached XP level 1. HP: 11/11 MP: 3/3
   415 | D:1      | Reached XP level 2. HP: 13/17 MP: 0/5
  1101 | D:1      | Reached XP level 3. HP: 20/21 MP: 6/6
  1106 | D:1      | Learned a level 3 spell: Ozocubu's Armour
  1547 | D:1      | Reached skill level 4 in Ice Magic
  1737 | D:2      | Noticed Robin
  1774 | D:1      | Slain by a hobgoblin

Skill      XL: |  1  2  3 |
---------------+----------+-----
Ice Magic      | 4 |  4.0
Axes           | |  0.1
Dodging        | |  2.1
Stealth        | |  2.6
Unarmed Combat | |  0.4
Spellcasting   | |  2.4
Conjurations   | |  1.0

Action                   || total
-------------------------++-------
Melee: Unarmed           ||    16
       Constrict         ||    10
       Tentacles         ||     2
       Hand axe          ||    21
 Cast: Freeze            ||    30
       Ozocubu's Armour  ||     1
 Stab: Sleeping          ||     4
  Eat: Chunk             ||     3
Armor: Skin              ||    11
Dodge: Dodged            ||    49
